 Dungeon Crawl Stone Soup version 0.26-a0-40-gfe7b5d5a6f (webtiles) character file.

Game seed: 14509098632420312159, levelgen mode: deterministic

2440 Brecoman the Chiller (level 9, -8/78 HPs)
             Began as a Green Draconian Ice Elementalist on May 31, 2020.
             Was a Believer of Makhleb.
             Mangled by a hog (10 damage)
             ... on level 6 of the Dungeon.
             The game lasted 00:26:53 (7108 turns).

Brecoman the Chiller (DrIE)                         Turns: 7108, Time: 00:26:54

Health: -8/78      AC: 13    Str: 11    XL:     9   Next: 25%
Magic:  20/26      EV: 12    Int: 18    God:    Makhleb [**....]
Gold:   404        SH:  0    Dex: 12    Spells: 8/19 levels left

rFire    . . .     SeeInvis .   r - +0 short sword (speed)
rCold    . . .     Gourm    .   (no shield)
rNeg     . . .     Faith    .   (armour unavailable)
rPois    +         Spirit   .   (helmet restricted)
rElec    .         Reflect  .   (no cloak)
rCorr    .         Harm     .   (no gloves)
MR       .....                  (no boots)
Stlth    ++........             (no amulet)
HPRegen  0.23/turn              g - ring of magical power
MPRegen  0.20/turn              (no ring)

@: icy armour, frozen ramparts
A: breathe noxious fumes, unfitting armour, poison resistance, cold-blooded, AC
+7
a: Breathe Noxious Fumes, Minor Destruction, Renounce Religion


You were on level 6 of the Dungeon.
You worshipped Makhleb.
Makhleb was pleased with you.
You were not hungry.

You visited 1 branch of the dungeon, and saw 7 of its levels.
You also visited: Sewer.

You collected 404 gold pieces.

Inventory:

Hand Weapons
 f - a +1 hunting sling of freezing
 r - a +0 short sword of speed (weapon)
Missiles
 c - 235 stones (quivered)
 i - 20 sling bullets
Jewellery
 g - a ring of magical power (left hand)
Wands
 q - a wand of flame (3)
 z - a wand of paralysis (8)
Scrolls
 j - a scroll of identify
 p - 3 scrolls of enchant armour
 t - 3 scrolls of remove curse
 u - a scroll of immolation {unknown}
 y - a scroll of teleportation
Potions
 a - 7 potions of curing
 d - a potion of lignification {unknown}
 e - 4 potions of resistance {unknown}
 h - 7 potions of heal wounds
 k - 6 potions of stabbing {unknown}
 l - 2 potions of mutation {unknown}
 m - 2 potions of cancellation {unknown}
 n - 2 potions of flight {unknown}
 o - 2 potions of haste {unknown}
 s - 3 potions of might {unknown}
 w - a potion of berserk rage {unknown}
 x - 2 potions of brilliance {unknown}
Comestibles
 b - 11 rations
 v - 5 chunks of flesh


   Skills:
 + Level 6.5 Fighting
 - Level 1.7 Dodging
 - Level 1.7 Stealth
 + Level 5.8 Spellcasting
 - Level 3.0 Charms
 - Level 3.0 Summonings
 + Level 7.3 Ice Magic
 + Level 4.8 Invocations


You had 8 spell levels left.
You knew the following spells:

 Your Spells              Type           Power        Failure   Level  Hunger
a - Freeze                Ice            ####         1%          1    None
b - Frozen Ramparts       Ice            ####..       1%          3    ##.....
c - Ozocubu's Armour      Chrm/Ice       ###.....     4%          3    ##.....
d - Summon Ice Beast      Ice/Summ       ###.....     14%         4    ####...

Your spell library contained the following spells:

 Spells                   Type           Power        Failure   Level  Hunger
 Summon Small Mammal      Summ           ###.         3%          1    None
 Call Imp                 Summ           ###.....     5%          2    None
 Call Canine Familiar     Summ           ###.....     11%         3    ##.....
 Summon Guardian Golem    Hex/Summ       ##......     21%         3    ##.....
 Hailstorm                Conj/Ice       ###.....     26%         4    ####...
 Confusing Touch          Hex            #.......     36%         3    ##.....
 Gell's Gravitas          Tloc           #.........   36%         3    ##.....
 Summon Lightning Spire   Summ/Air       ##......     54%         4    ####...
 Metabolic Englaciation   Hex/Ice        ###.......   58%         5    #####..
 Petrify                  Tmut/Erth      #.......     77%         4    ####...
 Yara's Violent Unravell  Hex/Tmut       #.........   98%         5    #####..


Dungeon Overview and Level Annotations

Branches:
Dungeon (7/15)             Temple (0/1) D:4           Sewer (visited)

Altars:
Cheibriados
Elyvilon
Makhleb
Okawaru
Qazlal
Ru
Sif Muna
Trog
Uskayaw
Vehumet
Wu Jian
Xom


Innate Abilities, Weirdness & Mutations

You can breathe blasts of noxious fumes.
Your lurid green scales are hard. (AC +7)
You cannot fit into any form of body armour.
Your system is resistant to poisons. (rPois)
You are cold-blooded and may be slowed by cold attacks.


Message History

The bullfrog seems to slow down.
The bullfrog barely misses you.
The wall freezes the hog.
The hog bites you.
The wall freezes the hog. x2
The hog bites you.
The wall freezes the bullfrog.
The bullfrog closely misses you.
You barely miss the bullfrog.
The bullfrog is heavily wounded.
The wall freezes the hog!
The hog barely misses you.
The wall freezes the hog. x2
The hog bites you!
* * * LOW HITPOINT WARNING * * *
Casting: Frozen Ramparts (safe; 1% risk of failure)
Confirm with . or Enter, or press ? or * to list all spells.
A film of ice covers your body!
The wall freezes the hog.
The hog bites you.
* * * LOW HITPOINT WARNING * * *
The wall freezes the bullfrog!
The bullfrog seems to slow down.
The bullfrog hits you!
* * * LOW HITPOINT WARNING * * *
The wall freezes the hog. x2; The hog bites you.
* * * LOW HITPOINT WARNING * * *
The wall freezes the hog.
The hog bites you!
You die...

#.#.##...).........≈
#...##...)........≈≈
##..##.####.......≈≈
#..##.# #......≈≈≈
#..##.# #.....≈§≈≈
#..##.# #....§§≈≈≈
#..##.# #....≈≈≈≈≈
#hF##.# ##.≈≈≈≈≈§≈
##@hh.# #....≈≈≈≈
###### ######
#......≈≈ .....#
#........ ####.#
#........ #.##.#
#........ ..##.#
####.##.. #.##.#
#....# .....###
#.#### #......# #.#


You could see 3 hogs and a bullfrog (slow).

Vanquished Creatures
  Maggie (D:7)
  A wyvern (D:6)
  A hog (D:6)
  A human (D:6)
  Menkaure (D:4)
  Edmund (D:4)
  An orc warrior (D:7)
  2 sky beasts (D:5)
  A phantom (D:4)
  3 big kobolds (Sewer)
  A bullfrog (D:6)
  A scorpion (D:4)
  A killer bee (D:5)
  A crimson imp (D:2)
  5 hounds
  A jelly (D:5)
  An orc priest (D:6)
  4 orc wizards
  An iguana (D:4)
  6 worker ants
  2 hound zombies
  2 gnolls (D:5)
  9 adders
  2 shadow imps (D:6)
  2 oozes
  An adder skeleton (D:6)
  An adder zombie (D:6)
  3 worms
  A dart slug (D:2)
  6 leopard geckos
  16 orcs
  7 ball pythons
  6 bats
  6 giant cockroaches
  15 hobgoblins
  14 jackals
  3 quokkas
  7 frilled lizards
  A goblin (D:1)
  19 kobolds
  12 rats
170 creatures vanquished.

Vanquished Creatures (others)
  A bullfrog (D:6)
  An orc wizard (D:4)
  An orc priest (D:4)
  2 worker ants (D:4)
  2 orcs
7 creatures vanquished.

Grand Total: 177 creatures vanquished

Notes
Turn   | Place    | Note
-------+----------+-------------------------------------------
     0 | D:1      | Brecoman the Draconian Ice Elementalist began the quest for
                  | the Orb.
     0 | D:1      | Reached XP level 1. HP: 14/14 MP: 3/3
   289 | D:1      | Reached XP level 2. HP: 22/22 MP: 3/5
   305 | D:1      | Reached skill level 1 in Fighting
   790 | D:1      | Reached XP level 3. HP: 26/28 MP: 6/6
   795 | D:1      | Learned a level 3 spell: Frozen Ramparts
  1115 | D:2      | Learned a level 3 spell: Ozocubu's Armour
  1377 | D:2      | Reached XP level 4. HP: 36/36 MP: 8/8
  1777 | D:2      | Reached skill level 1 in Charms
  1787 | D:2      | Reached XP level 5. HP: 38/42 MP: 8/9
  2242 | D:3      | Found an ornate altar of the Wu Jian Council.
  2242 | D:3      | Found a stormy altar of Qazlal.
  2243 | D:3      | Found a white marble altar of Elyvilon.
  2374 | D:3      | Reached skill level 5 in Ice Magic
  2463 | D:3      | Found a radiant altar of Vehumet.
  2543 | D:3      | Found a glowing drain.
  2561 | Sewer    | Entered a sewer
  2670 | Sewer    | Reached XP level 6. HP: 48/51 MP: 11/11
  3088 | D:4      | Noticed Menkaure
  3213 | D:4      | Found a burning altar of Makhleb.
  3222 | D:4      | Your scales start taking on a lurid green colour.
  3222 | D:4      | Reached XP level 7. HP: 59/59 MP: 13/13
  3222 | D:4      | Gained mutation: Your system is resistant to poisons.
                  | (rPois) [Green Draconian growth]
  3245 | D:4      | Became a worshipper of Makhleb the Destroyer
  3366 | D:4      | Found a shimmering altar of Xom.
  3451 | D:4      | Noticed Edmund
  3463 | D:4      | Killed Edmund
  3463 | D:4      | Reached skill level 1 in Invocations
  3564 | D:4      | Found a snail-covered altar of Cheibriados.
  3599 | D:4      | Killed Menkaure
  3599 | D:4      | Reached skill level 6 in Ice Magic
  4031 | D:4      | Found a staircase to the Ecumenical Temple.
  4460 | D:5      | Entered Level 5 of the Dungeon
  4495 | D:5      | Reached XP level 8. HP: 67/67 MP: 15/15
  4553 | D:5      | Found a bloodstained altar of Trog.
  4587 | D:5      | Reached skill level 5 in Fighting
  4593 | D:5      | Learned a level 4 spell: Summon Ice Beast
  4740 | D:5      | Noticed a +0 hand axe
  4741 | D:5      | Noticed a +0 hand axe
  4745 | D:5      | Found a hide-covered altar of Uskayaw.
  4819 | D:5      | Reached skill level 1 in Summonings
  4842 | D:4      | Found a shimmering altar of Xom.
  5261 | D:5      | Reached * piety under Makhleb
  5291 | D:5      | Found an iron altar of Okawaru.
  5367 | D:5      | Reached skill level 5 in Spellcasting
  6043 | D:6      | Found a sacrificial altar of Ru.
  6043 | D:6      | Found a shimmering blue altar of Sif Muna.
  6649 | D:7      | Reached ** piety under Makhleb
  6649 | D:7      | Reached skill level 7 in Ice Magic
  6717 | D:7      | Noticed Maggie
  6727 | D:7      | Paralysed by Maggie for 6 turns
  6735 | D:7      | Killed Maggie
  6735 | D:7      | Reached XP level 9. HP: 25/75 MP: 14/17
  7108 | D:6      | HP: 2/78 [hog (6)]
  7108 | D:6      | Mangled by a hog

Illustrated notes

Levels and vault maps discovered:
D:1:      lightli_iron_boxes, layout_loops_ring
D:2:      layout_basic
D:3:      layout_rooms, gammafunk_temple_overflow_claw, vehumet_crystals,
          gup_sewer_entry_glass, grunt_decor_resistance
D:4:      lemuel_upstairs_altar, layout_basic, xom_confusion_cloud,
          cheibriados_altar_1, lemuel_crystal_altar,
          minmay_temple_entry_enclosed_plants, uniq_edmund, uniq_menkaure
D:5:      layout_loops_ring, okawaru_altar_gauntlet_db, dancing_weapons_uskayaw,
          lightli_temple_of_fire, first_ration, chequers_serial_rivers_marsh,
          minmay_misc_feat_x, grunt_tough_drop
D:6:      layout_basic, gammafunk_temple_overflow_wave, lemuel_old_faithful
D:7:      layout_rooms, marbit_many_paths, serial_shops, shop, grunt_livestock,
          uniq_maggie

Skill      XL: |  1  2  3  4  5  6  7  8 |
---------------+-------------------------+-----
Fighting       | 1 2 3 4 6 |  6.5
Charms         | 1 2 3 |  3.0
Spellcasting   | 3 4 5 |  5.8
Ice Magic      | 5 6 7 |  7.3
Invocations    | 2 4 |  4.8
Summonings     | 3 |  3.0
Dodging        | |  1.7
Stealth        | |  1.7

Action                   |  1- 3 |  4- 6 |  7- 9 || total
-------------------------+-------+-------+-------++-------
Melee: Trident           |     2 |    15 |       ||    17
       Short sword       |       |       |   137 ||   137
       Tailslap          |       |       |    11 ||    11
 Fire: Hunting sling     |       |    52 |    27 ||    79
 Cast: Freeze            |    40 |    77 |    61 ||   178
       Frozen Ramparts   |     2 |    11 |    31 ||    44
       Ozocubu's Armour  |       |     1 |     3 ||     4
 Abil: Breathe Noxious F |       |       |     2 ||     2
Evoke: Wand              |       |       |     6 ||     6
  Use: Scroll            |       |     4 |     3 ||     7
 Stab: Sleeping          |       |     2 |     2 ||     4
  Eat: Chunk             |     2 |     7 |    12 ||    21
       Ration            |       |       |     1 ||     1
Armor: Skin              |     2 |    18 |    49 ||    69
Dodge: Dodged            |    16 |    66 |   103 ||   185

Table legend:
 A = Non-vault XP
 B = Vault XP
 C = Vault XP percentage of total XP
 D = Non-vault monster count
 E = Vault monster count
 F = Vault count percentage of total count
                 A         B        C        D         E       F
            +---------+---------+-------+---------+---------+-------
      Total |    1907 |    1580 |  45.3 |     128 |      42 |  24.7
            +---------+---------+-------+---------+---------+-------
        D:1 |      44 |       0 |   0.0 |      23 |       0 |   0.0
        D:2 |     181 |       0 |   0.0 |      30 |       0 |   0.0
        D:3 |     129 |      17 |  11.6 |      26 |       3 |  10.3
        D:4 |     318 |     393 |  55.3 |      10 |       5 |  33.3
        D:5 |     388 |      98 |  20.2 |      12 |       7 |  36.8
        D:6 |     683 |     378 |  35.6 |      22 |       2 |   8.3
        D:7 |     164 |     370 |  69.3 |       5 |       1 |  16.7
      Sewer |       0 |     324 | 100.0 |       0 |      24 | 100.0
            +---------+---------+-------+---------+---------+-------
